 Dungeon Crawl Stone Soup version 0.30-a0-168-g0b976cbdc4 (webtiles) character file.

Game seed: 17714685881520858379

42 huldread the Slasher (level 3, -3/31 HPs)
             Began as a Draconian Reaver on Sept 29, 2022.
             Was a Follower of Kikubaaqudgha.
             Slain by Sigmund
             ... wielding a +0 scythe
              (8 damage)
             ... on level 2 of the Dungeon.
             The game lasted 00:04:53 (1884 turns).

huldread the Slasher (Draconian Reaver)             Turns: 1884, Time: 00:04:53

Health: -3/31      AC:  6    Str: 16    XL:     3   Next: 35%
Magic:  6/6        EV: 12    Int: 13    God:    Kikubaaqudgha [*.....]
Gold:   100        SH:  0    Dex:  9    Spells: 6/7 levels left

rFire   . . .      SeeInvis .    a - +0 falchion
rCold   . . .      Faith    .    (no shield)
rNeg    . . .      Spirit   .    (body armour unavailable)
rPois   .          Reflect  .    (helmet restricted)
rElec   .          Harm     .    (no cloak)
rCorr   .          Rampage  .    (no gloves)
Will    .....                    g - +0 pair of boots
Stlth   +.........               (no amulet)
HPRegen 0.10/turn                (no ring)
MPRegen 0.10/turn                (no ring)

@: confused
A: AC +5, unfitting armour, cold-blooded
a: Renounce Religion, Unearth Wretches


You were on level 2 of the Dungeon.
You worshipped Kikubaaqudgha.
Kikubaaqudgha was aware of your devotion.
You visited 1 branch of the dungeon, and saw 2 of its levels.

You collected 100 gold pieces.

Inventory:

Hand Weapons
 a - a +0 falchion (weapon)
Armour
 g - a +0 pair of boots (worn)
Jewellery
 l - a ring of ice
Scrolls
 b - a scroll of butterflies
 c - a scroll of teleportation {unknown}
 e - a scroll of identify {unknown}
 h - a scroll of silence {unknown}
 j - a scroll of fear {unknown}
 k - a scroll of immolation {unknown}
 n - a scroll of enchant armour {unknown}
Potions
 d - a potion of might {unknown}
 f - 2 potions of curing
 i - 2 potions of haste {unknown}
 m - 2 potions of mutation {unknown}


   Skills:
 + Level 3.0 Fighting
 + Level 3.5 Long Blades
 - Level 1.7 Dodging
 + Level 2.6 Spellcasting
 - Level 3.0 Conjurations


You had 6 spell levels left.
You knew the following spells:

 Your Spells              Type           Power      Damage    Failure   Level
a - Kiss of Death         Conj/Necr      20%        2d7       13%         1

Your spell library contained the following spells:

 Spells                   Type           Power      Damage    Failure   Level
 Momentum Strike          Conj/Tloc      10%        3d8       21%         2
 Necrotise                Necr           4%         1d4       24%         1
 Summon Small Mammal      Summ           4%         N/A       24%         1
 Cigotuvi's Dreadful Rot  Necr/Pois/Air  2%         N/A       36%         2
 Hailstorm                Conj/Ice       5%         3d4       36%         3
 Call Canine Familiar     Summ           1%         N/A       58%         3
 Summon Guardian Golem    Hex/Summ       1%         N/A       58%         3
 Animate Dead             Necr           1%         N/A       94%         4


Dungeon Overview and Level Annotations

Branches:
Dungeon (2/15)

Altars:
Kikubaaqudgha

Annotations:
D:2 Sigmund


Innate Abilities, Weirdness & Mutations

Your plain brown scales are hard. (AC +5)
You cannot fit into any form of body armour.
You are cold-blooded and may be slowed by cold attacks.


Message History

You're too confused to move!
Sigmund casts a spell at you. You resist with significant effort.
Sigmund points at you and mumbles some strange words.
You are more confused.
Sigmund hits you with a +0 scythe.
You're too confused to move!
You closely miss Sigmund.
Sigmund is heavily wounded.
Sigmund hits you with a +0 scythe.
You hit Sigmund.
Sigmund is heavily wounded.
Sigmund drinks a potion.
Sigmund is healed!
You bump into the rock wall.
Sigmund hits you with a +0 scythe.
* * * LOW HITPOINT WARNING * * *
Sigmund barely misses you.
You bump into the rock wall.
You feel less confused. Sigmund casts a spell at you.
You resist with significant effort. Sigmund attacks as you move away!
Sigmund barely misses you. Sigmund gestures at you while chanting.
The magic dart hits you.
* * * LOW HITPOINT WARNING * * *
Sigmund casts a spell at you.
You are confused.
Sigmund barely misses you.
There is a stone staircase leading up here.
You bump into the rock wall.
You bump into the rock wall.
You feel less confused.
Sigmund hits you from afar with a +0 scythe.
* * * LOW HITPOINT WARNING * * *
Sigmund points at you and mumbles some strange words.
You are confused.
You closely miss Sigmund.
Your tail-slap misses Sigmund.
Sigmund is moderately wounded.
Sigmund hits you with a +0 scythe!
You die...
Kikubaaqudgha rasps: "You have failed me!
Welcome... death!"

# . # ##### ####
##...##...##
##...@......#
##...>@.......
###########.............
#....)..................
..###########...?......#
### ##....#...##
#.######## ## #.# .# #.#


You could see Sigmund.

Vanquished Creatures
  2 adders (D:2)
  2 bats
  2 endoplasms
  3 goblins
  2 hobgoblins
  6 jackals (D:1)
  2 quokkas
  A ball python (D:2)
  A rat (D:1)
21 creatures vanquished.

Notes
Turn   | Place    | Note
-------+----------+-------------------------------------------
     0 | D:1      | huldread the Draconian Reaver began the quest for the Orb.
     0 | D:1      | Reached XP level 1. HP: 17/17 MP: 3/3
   128 | D:1      | Found a faded altar of an unknown god.
   508 | D:1      | Reached XP level 2. HP: 19/25 MP: 5/5
  1090 | D:1      | Prayed at the altar of an unknown god.
  1090 | D:1      | Became a worshipper of Kikubaaqudgha
  1090 | D:1      | Reached * piety under Kikubaaqudgha
  1090 | D:1      | Received a gift from Kikubaaqudgha
  1250 | D:2      | Reached XP level 3. HP: 30/30 MP: 6/6
  1831 | D:2      | Noticed Sigmund
  1884 | D:2      | Slain by Sigmund

Illustrated notes

Levels and vault maps discovered:
D:1:      minmay_arrival_radiant_lines, layout_basic,
          hellmonk_ecumenical_altar_pennies_from_heaven
D:2:      layout_rooms, uniq_sigmund

Skill      XL: |  1  2  3 |
---------------+----------+-----
Fighting       | 3 |  3.0
Long Blades    | |  3.5
Dodging        | |  1.7
Spellcasting   | |  2.6
Conjurations   | |  3.0

Action                   || total
-------------------------++-------
Melee: Falchion          ||   100
       Tailslap          ||     8
  Use: Scroll            ||     1
Armor: Skin              ||    40
Dodge: Dodged            ||    79

Table legend: (Time is in decaauts)
 A = Elapsed time spent in this place.
 B = Non-inter-level travel time spent in this place.
 C = Inter-level travel time spent in this place.
 D = Time resting spent in this place.
 E = Time spent auto-exploring this place.
 F = Levels seen in this place.
 G = Mean time per level.
                   A        B        C        D        E       F      G
               +--------+--------+--------+--------+--------+-----+--------+
         Total |   1899 |   1899 |      0 |    383 |   1079 |   2 |  949.5 |
       Dungeon |   1899 |   1899 |      0 |    383 |   1079 |   2 |  949.5 |
               +--------+--------+--------+--------+--------+-----+--------+

Top non-repeatable levels by time:
     D:1: 1141 daAuts
     D:2: 758 daAuts
